 Dungeon Crawl Stone Soup version 0.31-a0-879-g1609e0ac53 (webtiles) character file.

Game seed: 3944316829964320173

21 Armakuni the Changeling (level 2, 13/13 HPs)
             Began as a Felid Shapeshifter on Oct 14, 2023.
             Quit the game on level 2 of the Dungeon.
             The game lasted 00:02:02 (642 turns).

Armakuni the Changeling (Felid Shapeshifter)         Turns: 642, Time: 00:02:03

Health: 13/13      AC:  1    Str: 10    XL:     2   Next: 62%
Magic:  3/3        EV: 17    Int: 11    God:
Gold:   71         SH:  0    Dex: 15    Spells: 1/1 levels left
                                        Lives:  0   Deaths: 1

rFire   . .          .
                       - Unarmed
rCold   . . .        (shield unavailable)
rNeg    . . .        (body armour unavailable)
rPois   .            (helmet unavailable)
rElec   .            (cloak unavailable)
rCorr   .            (gloves unavailable)
SInv    +            (boots unavailable)
Will    .....        (no amulet)
Stlth   +            (no ring)
HPRegen 0.22/turn    (no ring)
MPRegen 0.08/turn

%: no passive effects
@: beast-form, quick
A: beast (slay +1), very small, claws 1, fangs 3, see invisible, speed 1, shaggy
fur 1, stealthy paws, no weapons or thrown items, no armour, multi-lived
a: Begin Untransformation


You were on level 2 of the Dungeon.
You were a hulking beast.
You visited 1 branch of the dungeon, and saw 2 of its levels.

You collected 71 gold pieces.

Inventory:

Talismans
 b - a beast talisman (active)
 c - a flux talisman
Potions
 a - a potion of lignification
 d - a potion of might {unknown}


   Skills:
 + Level 2.7 Fighting
 - Level 2.6 Dodging
 - Level 3.0 Unarmed Combat
 - Level 3.2 Shapeshifting


You had one spell level left.
You didn't know any spells.
Your spell library contained the following spells:

 Spells                   Type           Power      Damage    Failure   Level
 Lesser Beckoning         Tloc           0%         N/A       47%         2
 Gell's Gravitas          Tloc           0%         N/A       71%         3
 Teleport Other           Tloc           0%         N/A       71%         3


Dungeon Overview and Level Annotations

Branches:
Dungeon (2/15)

Altars:
Dithmenos

Annotations:
D:2 Jessica


Innate Abilities, Weirdness & Mutations

You are a hulking beast.
Your limbs bulge with bestial killing power. (Slay +1)
You have sharp claws.
You have razor-sharp teeth.
You have supernaturally acute eyesight. (SInv)
You cover ground quickly. (Speed+)
You are covered in fur. (AC +1)
Your paws help you pounce on unaware monsters.
You are incapable of wielding weapons or throwing items.
You cannot wear armour.
You gain extra lives every three experience levels.


Message History

No target in view!
d - a pink potion You now have 71 gold pieces (gained 12).
Found a shadowy altar of Dithmenos.
A ball python comes into view.
The ball python moves out of view.
Found 5 stones.
Found a buckler.
The ball python hisses angrily.
The ball python closely misses you. The ball python barely misses you.
You scratch the ball python. You bite the ball python.
You kill the ball python!
No target in view!
Jessica the Apprentice Sorceress comes into view.
She is wielding a +0 club.
Jessica shouts!
There is a shadowy altar of Dithmenos here.
Jessica gestures at you while chanting. You resist with some effort.
You completely miss Jessica.
Jessica gestures wildly while chanting.
Jessica blinks!
Jessica completely misses you.
You scratch Jessica.
Jessica is lightly wounded.
Jessica hits you with a +0 club.
You barely miss Jessica.
Jessica is lightly wounded.
Jessica hits you with a +0 club.
You are too injured to fight recklessly!
You are too injured to fight recklessly!
Jessica attacks as she pursues you! Jessica misses you.
Jessica points at you and mumbles some strange words.
Pain shoots through your body!
Ouch! That really hurt!
You die...
Your shape twists and changes as you die.
You rejoin the land of the living...
Unknown command.
Unknown command.
Are you sure you want to abandon this character and quit the game? (Confirm with "yes".)

####### .......
.......######
............#
#.h....# ##. ..
+...........
#.##......#..#.
#.#............
#.#.#####.....
########
#.#.#......#.
#......# #.#.#......#
#......###.#.#......#
#......#..†....#..#.#
#


There were no monsters in sight!

Vanquished Creatures
  A ball python (D:2)
  2 endoplasms (D:1)
  2 giant cockroaches (D:1)
  A hobgoblin (D:1)
  2 jackals (D:1)
  2 kobolds (D:1)
  A bat (D:1)
  5 frilled lizards
  A goblin (D:1)
  4 rats
21 creatures vanquished.

Notes
Turn   | Place    | Note
-------+----------+-------------------------------------------
     0 | D:1      | Armakuni the Felid Shapeshifter began the quest for the
                  | Orb.
     0 | D:1      | Reached XP level 1. HP: 9/9 MP: 2/2
   114 | D:1      | Found a faded altar of an unknown god.
   159 | D:1      | Reached XP level 2. HP: 7/13 MP: 3/3
   408 | D:1      | You fall into a shaft and drop 1 floor!
   614 | D:2      | Found a shadowy altar of Dithmenos.
   624 | D:2      | Noticed Jessica
   641 | D:2      | Killed from afar by Jessica
   642 | D:2      | Quit the game

Illustrated notes

Levels and vault maps discovered:
D:1:      lemuel_arrival_cross, layout_basic, chequers_ecumenical_altar_simple,
          minmay_tromino_v4_c
D:2:      layout_basic, basic_altar, uniq_jessica

Skill      XL: |  1 |
---------------+----+-----
Fighting       | 2 |  2.7
Dodging        | |  2.6
Unarmed Combat | |  3.0
Shapeshifting  | |  3.2

Action                     || total
---------------------------++-------
  Melee: Unarmed           ||    48
         Bite              ||     4
    Use: Scroll            ||     1
   Stab: Sleeping          ||     1
 Armour: Skin              ||    13
  Dodge: Dodged            ||    26

Table legend: (Time is in decaauts)
 A = Elapsed time spent in this place.
 B = Non-inter-level travel time spent in this place.
 C = Inter-level travel time spent in this place.
 D = Time resting spent in this place.
 E = Time spent auto-exploring this place.
 F = Levels seen in this place.
 G = Mean time per level.
                   A        B        C        D        E       F      G
               +--------+--------+--------+--------+--------+-----+--------+
         Total |    530 |    518 |     12 |     10 |    316 |   2 |  265.0 |
       Dungeon |    530 |    518 |     12 |     10 |    316 |   2 |  265.0 |
               +--------+--------+--------+--------+--------+-----+--------+

Top non-repeatable levels by time:
     D:1: 449 daAuts
     D:2: 81 daAuts
